 Dungeon Crawl Stone Soup version 0.26.1-11-gd32895ea62 (webtiles) character file.

Game seed: 553589681863368474

56 Almogavar the Vandal (level 4, -1/29 HPs)
             Began as a Halfling Hunter on May 11, 2021.
             Slain by Natasha (2 damage)
             ... on level 2 of the Dungeon.
             The game lasted 00:06:54 (2268 turns).

Almogavar the Vandal (Halfling Hunter)              Turns: 2268, Time: 00:06:54

Health: -1/29      AC:  4    Str: 13    XL:     4   Next: 17%
Magic:  13/13      EV: 11    Int:  9    God:
Gold:   90         SH:  0    Dex: 15    Spells: 3/3 levels left

rFire    . . .     SeeInvis .   b - +0 short sword
rCold    . . .     Faith    .   (shield restricted)
rNeg     . . .     Spirit   .   c - +0 leather armour
rPois    .         Reflect  .   (no helmet)
rElec    .         Harm     .   (no cloak)
rCorr    .         Rampage  .   j - +0 pair of gloves
Will     .....                  (no boots)
Stlth    ++........             (no amulet)
HPRegen  0.09/turn              q - ring of magical power
MPRegen  0.13/turn              i - -4 ring of evasion (curse)

@: no status effects
A: small, mutation resistance 1
a: no special abilities


You were on level 2 of the Dungeon.
You visited 1 branch of the dungeon, and saw 2 of its levels.

You collected 90 gold pieces.

Inventory:

Hand Weapons
 a - a +1 hunting sling
 b - a +0 short sword (weapon)
 k - a +0 whip of electrocution
Missiles
 d - 22 sling bullets
 f - 19 stones (quivered)
Armour
 c - a +0 leather armour (worn)
 j - a +0 pair of gloves (worn)
Jewellery
 i - a cursed -4 ring of evasion (right hand)
 q - a ring of magical power (left hand)
Scrolls
 n - a scroll of magic mapping {unknown}
Potions
 e - a potion of curing


   Skills:
 + Level 2.0 Fighting
 + Level 7.5 Slings
 + Level 0.2 Armour
 + Level 2.4 Dodging
 + Level 1.1 Stealth


You had 3 spell levels left.
You didn't know any spells.
Your spell library was empty.

Dungeon Overview and Level Annotations

Branches:
Dungeon (2/15)

Altars:

Annotations:
D:2 Natasha, Sigmund


Innate Abilities, Weirdness & Mutations

You are small and have problems with some larger weapons.
You are somewhat resistant to further mutation.


Message History

You hit Natasha but do no damage.
Natasha is moderately wounded.
Natasha claws you.
You barely miss Natasha.
Natasha is moderately wounded.
Natasha barely misses you.
You hit Natasha.
Natasha is heavily wounded.
Natasha barely misses you.
You hit Natasha but do no damage.
Natasha is heavily wounded.
Natasha claws you.
You hit Natasha but do no damage.
Natasha is heavily wounded.
Natasha claws you!
* * * LOW HITPOINT WARNING * * *
You hit Natasha but do no damage.
Natasha is heavily wounded.
Natasha claws you.
You die...

(###........).#..........
.
..............###<.......
.. ..#..........#
#........
B##>.################...##
.(.............. #..###
#..##.>.......? #.## #
#.##.......... #.# #.
#..(...h...... #.#
#..###(..@....... #.#
#....(....###### #.#
####.(..### #.# #..#...###
#.# ##..##....# ##.#
#.....##.# #..###
#.###.....# ##...###
####.# #(#. ###...# #<)..#
.# ###.#


You could see Natasha.

Vanquished Creatures
  Robin (D:2)
  3 dart slugs
  A leopard gecko (D:1)
  2 ball pythons (D:1)
  A giant cockroach (D:2)
  9 goblins
  5 hobgoblins
  2 jackals (D:2)
  A quokka (D:2)
  2 bats (D:1)
  4 frilled lizards (D:1)
  2 kobolds (D:1)
  3 rats
36 creatures vanquished.

Vanquished Creatures (others)
  5 toadstools (D:1)
5 creatures vanquished.

Grand Total: 41 creatures vanquished

Notes
Turn   | Place    | Note
-------+----------+-------------------------------------------
     0 | D:1      | Almogavar the Halfling Hunter began the quest for the Orb.
     0 | D:1      | Reached XP level 1. HP: 14/14 MP: 1/1
   183 | D:1      | Reached skill level 6 in Slings
   288 | D:1      | Reached XP level 2. HP: 19/19 MP: 2/2
  1125 | D:2      | Noticed Sigmund
  1195 | D:2      | Reached XP level 3. HP: 24/24 MP: 3/3
  1573 | D:2      | Noticed Robin
  1693 | D:2      | Reached skill level 7 in Slings
  2017 | D:2      | Killed Robin
  2018 | D:2      | Reached XP level 4. HP: 13/29 MP: 4/4
  2251 | D:2      | Noticed Natasha
  2267 | D:2      | HP: 1/29 [Natasha (9)]
  2268 | D:2      | Slain by Natasha

Illustrated notes

Levels and vault maps discovered:
D:1:      ldierk_walled_garden, layout_basic, serial_park_tiny_2,
          minmay_distorted
D:2:      layout_rooms, lemuel_doored_altar, minmay_misc_feat_diagonals,
          uniq_robin, uniq_sigmund, uniq_natasha

Skill      XL: |  1  2  3 |
---------------+----------+-----
Slings         | 6 7 |  7.5
Fighting       | 2 |  2.0
Armour         | |  0.2
Dodging        | |  2.4
Stealth        | |  1.1

Action                   |  1- 3 |  4- 6 || total
-------------------------+-------+-------++-------
Melee: Short sword       |    12 |    17 ||    29
 Fire: Hunting sling     |   102 |     1 ||   103
  Use: Scroll            |     4 |       ||     4
       Potion            |     5 |       ||     5
Armor: Leather armour    |     5 |     4 ||     9
Dodge: Dodged            |    22 |     6 ||    28
